Map: Year Zero LE

Players

TiPtOP - Winner!

  • Race: Terran Terran
  • League: Silver
  • Spawn Location: 1:00

VOD

Have the link to the VOD?

Description

Time

  • Played on: May 13, 2019, 10:30 p.m.
  • Length: 14:17
Show
View Real Time Build Order
Export as new Build Order

TiPtOP Terran - Winner!

Build Orders:  

Get SALT Encoding   

  12  0:01  SCV  
  13  0:18  SCV  
  14  0:32  Supply Depot  
  14  0:35  SCV  
  15  0:56  Refinery  
  15  1:02  SCV  
  16  1:10  Barracks  
  16  1:19  SCV  
  17  1:36  SCV  
  18  1:52  SCV  
  19  2:16  SCV  
  19  2:18  Barracks  
  20  2:33  SCV  
  20  2:36  Barracks Reactor  
  21  2:48  Command Center  
  20  3:02  Orbital Command  
  20  3:33  Supply Depot  
  20  3:39  SCV  
  21  3:41  Marine x2  
  21  3:44  Barracks Tech Lab  
  23  3:55  Barracks  
  23  4:03  SCV  
  23  4:06  Supply Depot  
  24  4:12  Marine  
  24  4:15  Marine  
  26  4:43  Marine x3  
  26  4:46  Supply Depot  
  26  4:48  SCV  
  30  4:52  SCV  
  31  5:07  Orbital Command  
  31  5:09  Marine  
  32  5:13  Barracks Reactor  
  32  5:24  Supply Depot  
  32  5:36  Supply Depot  
  32  5:53  SCV x2  
  34  6:04  Supply Depot  
  34  6:06  Marine x2  
  34  6:07  Marine x2  
  34  6:08  Supply Depot  
  34  6:09  Marine  
  39  6:15  Refinery  
  39  6:19  Factory, SCV  
  40  6:21  SCV  
  40  6:28  Stimpack  
  41  6:31  Marine  
  41  6:34  Marine  
  41  6:35  SCV, Marine  
  41  6:38  SCV  
  46  7:00  SCV  
  46  7:03  Supply Depot  
  46  7:07  Marine  
  46  7:08  Marine x4  
  52  7:17  SCV  
  53  7:26  Factory Reactor  
  53  7:29  Starport  
  53  7:32  Marine  
  53  7:33  Marine x3  
  53  7:35  Supply Depot  
  53  7:36  Marine  
  53  7:39  SCV  
  59  7:56  SCV  
  59  7:57  Marine  
  59  7:58  Marine x2  
  63  8:05  Engineering Bay  
  63  8:07  SCV  
  64  8:24  SCV  
  65  8:33  Medivac  
  65  8:34  Medivac  
  65  8:35  Factory Tech Lab  
  65  8:36  Marine x5  
  65  8:38  SCV  
  75  8:41  SCV  
  75  8:43  Refinery  
  75  8:46  Supply Depot  
  76  8:55  SCV  
  76  8:58  SCV  
  78  9:01  Marine x3  
  81  9:12  SCV  
  81  9:15  SCV  
  81  9:18  Supply Depot  
  83  9:20  Marine  
  83  9:21  Marine  
  83  9:26  Unknown, Marine  
  83  9:29  SCV  
  87  9:31  Siege Tank  
  90  9:40  Medivac  
  90  9:44  Marine x2  
  90  9:45  Marine  
  95  9:50  Supply Depot  
  95  10:23  Supply Depot  
  95  10:45  Marine x4  
  95  10:46  Marine  
  103  10:50  Siege Tank  
  103  10:58  SCV  
  107  11:01  Supply Depot  
  107  11:10  Marine x2  
  107  11:11  Marine  
  107  11:12  Marine x2  
  112  11:29  Siege Tank  
  112  11:34  Supply Depot  
  112  11:35  Siege Tank, Marine x2, Terran Infantry Weapons Level 1  
  112  11:36  Marine  
  112  11:37  Marine x2  
  123  11:48  Unknown  
  123  11:57  Siege Tank  
  123  12:00  Marine x2  
  123  12:01  Unknown, Marine  
  123  12:02  Marine  
  127  12:11  Unknown  
  127  12:17  Siege Tank  
  127  12:20  Siege Tank  
  127  12:22  Marine  
  127  12:25  Siege Tank, Marine x2  
  127  12:26  Marine x2  
  127  12:29  Unknown  
  138  12:30  Unknown  
  138  12:32  Siege Tank  
  141  12:52  Unknown  
  141  12:53  Siege Tank  
  141  13:26  Siege Tank x2  
  141  13:27  Unknown  
  141  13:29  Unknown  
Tags
 
Add a new tag
Caveats
  • Supply blocks, unpowered buildings, or Contaminate may cause inaccurate times.
  • Supply counts are checked every 10 seconds.